 Dungeon Crawl Stone Soup version 0.25-a0-310-g60f0ac2d9a (webtiles) character file.

Game seed: 11262286495019123100, levelgen mode: classic

10136 Borgoz the Slicer (level 11, -5/72 HPs)
             Began as a Kobold Gladiator on Dec 23, 2019.
             Was a High Priest of Okawaru.
             Slain by an unseen horror (10 damage)
             ... on level 9 of the Dungeon.
             The game lasted 00:21:44 (12430 turns).

Borgoz the Slicer (Kobold Gladiator)               Turns: 12430, Time: 00:21:45

Health: -5/72      AC:  6    Str: 12    XL:     11   Next: 87%
Magic:  13/13      EV: 23    Int: 11    God:    Okawaru [*****.]
Gold:   488        SH:  0    Dex: 18    Spells: 10/10 levels left

rFire    . . .     SeeInvis .   a - +1 short sword (elec)
rCold    . . .     Gourm    .   (shield restricted)
rNeg     . . .     Faith    .   I - +0 troll leather armour
rPois    .         Spirit   .   c - +0 helmet
rElec    .         Reflect  .   g - scarf {repulsion}
rCorr    .         Harm     .   (no gloves)
MR       .....                  (no boots)
Stlth    +++.......             (no amulet)
HPRegen  0.62/turn              p - +3 ring of slaying
MPRegen  0.13/turn              (no ring)

@: repel missiles
A: small, carnivore
a: Heroism, Finesse, Renounce Religion


You were on level 9 of the Dungeon.
You worshipped Okawaru.
Okawaru was extremely pleased with you.
You were completely stuffed.

You visited 2 branches of the dungeon, and saw 10 of its levels.

You collected 488 gold pieces.

Inventory:

Hand Weapons
 a - a +1 short sword of electrocution (weapon)
 b - a +4 short sword of freezing
 l - a +5 rapier
Missiles
 e - a throwing net (quivered)
Armour
 c - a +0 helmet (worn)
 g - a scarf of repulsion (worn)
 w - a +1 scale mail of cold resistance
 y - a +0 leather armour of fire resistance
 I - a +0 troll leather armour (worn)
Jewellery
 p - a +3 ring of slaying (left hand)
Wands
 k - a wand of disintegration (31)
 q - a wand of flame (20)
 t - a wand of random effects (28)
 v - a wand of digging (6)
 B - a wand of iceblast (4)
 D - a wand of paralysis (4)
 F - a wand of clouds (6)
Scrolls
 i - 6 scrolls of remove curse
 j - a scroll of enchant weapon
 m - 3 scrolls of amnesia
 r - 2 scrolls of magic mapping
 A - 2 scrolls of teleportation {unknown}
 H - a scroll of identify
 J - a scroll of summoning {unknown}
Potions
 d - a potion of resistance
 h - a potion of brilliance
 n - a potion of ambrosia
 o - 3 potions of flight
 s - 3 potions of magic
 u - a potion of haste
 x - 7 potions of curing
 z - 2 potions of invisibility
 C - a potion of berserk rage
Comestibles
 f - 29 rations


   Skills:
 * Level 9.8 Fighting
 * Level 11.7 Short Blades
 - Level 2.1 Throwing
 * Level 7.1 Armour
 * Level 10.8 Dodging
 - Level 5.0 Stealth
 + Level 0.0 Spellcasting
 + Level 3.4 Invocations


You had 10 spell levels left.
You didn't know any spells.
Your spell library contained the following spells:

 Spells                   Type           Power        Failure   Level  Hunger
 Animate Skeleton         Necr           N/A          41%         1    ##.....
 Confusing Touch          Hex            #.....       41%         1    ##.....
 Pain                     Necr           #...         41%         1    ##.....
 Confuse                  Hex            #.......     78%         3    ####...
 Gell's Gravitas          Tloc           #.........   78%         3    ####...
 Regeneration             Chrm/Necr      #.........   78%         3    ####...
 Vampiric Draining        Necr           #.........   78%         3    ####...
 Animate Dead             Necr           N/A          99%         4    #####..
 Petrify                  Tmut/Erth      #.......     99%         4    #####..
 Metabolic Englaciation   Hex/Ice        #.........   100%        5    ######.
 Yara's Violent Unravell  Hex/Tmut       #.........   100%        5    ######.


Dungeon Overview and Level Annotations

Branches:
Dungeon (9/15)             Temple (1/1) D:7            Lair (0/6) D:8
    Orc: D:9-12

Altars:
Ashenzari
Cheibriados
Dithmenos
Elyvilon
Gozag
Hepliaklqana
Kikubaaqudgha
Makhleb
Nemelex Xobeh
Okawaru
Qazlal
Ru
Sif Muna
Trog
Uskayaw
Vehumet
Wu Jian
Xom
Yredelemnul
Zin
The Shining One

Shops:
D:7 !*(:

Annotations:
D:6 2 transporters, Thantalas's ghost, novice DEWz


Innate Abilities, Weirdness & Mutations

You are small and have problems with some larger weapons.
You are carnivorous and can eat meat at any time.


Message History

* * * LOW HITPOINT WARNING * * *
You bump into the rock wall.
Something closely misses you. Something hits you!
* * * LOW HITPOINT WARNING * * *
Something hits you.
* * * LOW HITPOINT WARNING * * *
Something barely misses you.
You bump into the rock wall.
Something hits you.
* * * LOW HITPOINT WARNING * * *
You're too confused to move!
You feel less invigorated.
You feel less confused. Something hits you.
* * * LOW HITPOINT WARNING * * *
Something hits you.
* * * LOW HITPOINT WARNING * * *
You barely miss something. Something hits you.
* * * LOW HITPOINT WARNING * * *
You hit something. Something hits you.
* * * LOW HITPOINT WARNING * * *
Something hits you!
You die...

#.........#....#
#####.#####....#
#.........#....#
#.###'###.#....#
#.#.....#.#)...#
#.#.###.#.#)...#
..#.#)#.#......#
#.#.#'#.#.#....##########
#.#.....#.#....{@........
#.#######.#...########### .#
#.........#....... ..## #.#
#####.#########.#####..# #.#
#.........#.........#..# #.#
#.#.#.#.#.#.........#..# #.#
#.........#.........#..###.#####
#.#.#.#.#.#.........#..........#
..........)).................#.#


There were no monsters in sight!

Vanquished Creatures
  Harold (D:8)
  A centaur warrior (D:9)
  2 two-headed ogres
  A death knight (D:9)
  Joseph (D:7)
  A gargoyle (D:9)
  A troll (D:8)
  A hippogriff (D:9)
  A wyvern (D:9)
  A hungry ghost (D:8)
  2 chaos spawn (D:8)
  3 orc warriors
  2 ice beasts (D:8)
  A necrophage (D:8)
  2 sky beasts
  2 wolves (D:8)
  2 phantoms (D:8)
  7 ogres
  6 centaurs
  3 big kobolds
  A crocodile (D:8)
  5 bullfrogs
  2 scorpions
  4 killer bees (D:7)
  6 wights
  4 howler monkeys
  6 electric eels
  3 bullfrog zombies
  4 crimson imps
  A centaur zombie (D:8)
  11 hounds
  3 jellies
  A centaur skeleton (D:7)
  6 orc priests
  2 bullfrog skeletons
  Terence (D:3)
  3 iguanas
  10 orc wizards
  2 worker ants
  2 hound skeletons (D:6)
  10 adders
  3 gnolls (D:9)
  5 shadow imps
  3 oozes
  3 adder skeletons
  A worm (D:2)
  A dart slug (D:3)
  6 leopard geckos
  32 orcs
  6 bats
  8 goblins
  8 hobgoblins
  14 jackals
  15 kobolds
  5 quokkas
  A ball python (D:7)
  5 frilled lizards
  A quokka skeleton (D:7)
  6 rats
251 creatures vanquished.

Vanquished Creatures (others)
  6 plants (D:6)
6 creatures vanquished.

Grand Total: 257 creatures vanquished

Notes
Turn   | Place    | Note
-------+----------+-------------------------------------------
     0 | D:1      | Borgoz the Kobold Gladiator began the quest for the Orb.
     0 | D:1      | Reached XP level 1. HP: 12/12 MP: 1/1
   377 | D:1      | Reached XP level 2. HP: 18/18 MP: 2/2
  1095 | D:2      | Reached XP level 3. HP: 20/22 MP: 3/3
  1177 | D:2      | Found a shimmering altar of Xom.
  1240 | D:2      | Reached skill level 1 in Armour
  1928 | D:3      | Reached skill level 1 in Stealth
  1928 | D:3      | Reached XP level 4. HP: 27/27 MP: 4/4
  1990 | D:3      | Found a faded altar of an unknown god.
  2550 | D:3      | Noticed Terence
  2570 | D:3      | Killed Terence
  2570 | D:3      | Reached skill level 5 in Short Blades
  2570 | D:3      | Reached XP level 5. HP: 29/32 MP: 5/5
  2718 | D:3      | Found an opulent altar of Gozag.
  2718 | D:3      | Found a radiant altar of Vehumet.
  2939 | D:4      | Noticed a centaur
  2947 | D:4      | Killed a centaur
  2947 | D:4      | Reached XP level 6. HP: 15/37 MP: 6/6
  3468 | D:4      | Reached skill level 5 in Dodging
  3707 | D:4      | Found a hazy altar of Hepliaklqana.
  3814 | D:4      | Reached XP level 7. HP: 43/43 MP: 7/7
  4114 | D:4      | Reached skill level 6 in Short Blades
  4465 | D:5      | Entered Level 5 of the Dungeon
  4559 | D:5      | Found a hazy altar of Hepliaklqana.
  4632 | D:5      | Found a bloodstained altar of Trog.
  4832 | D:5      | Reached XP level 8. HP: 39/48 MP: 8/8
  4891 | D:5      | Reached skill level 5 in Fighting
  5312 | D:5      | Reached skill level 7 in Short Blades
  5748 | D:6      | Found a shimmering altar of Xom.
  5751 | D:6      | Identified the +7 spear of Neuv {venom, Int+2}
  5837 | D:6      | Found a burning altar of Makhleb.
  5857 | D:6      | Found a sparkling altar of Nemelex Xobeh.
  5892 | D:6      | Reached XP level 9. HP: 55/55 MP: 9/9
  5940 | D:6      | Reached skill level 5 in Stealth
  6119 | D:6      | Reached skill level 8 in Short Blades
  6835 | D:6      | Found a transporter.
  6836 | D:6      | Found a transporter.
  6848 | D:6      | Noticed Thantalas's ghost (novice DEWz)
  6899 | D:7      | Found Duacrisk's Distillery.
  7047 | D:7      | Found a staircase to the Ecumenical Temple.
  7062 | Temple   | Entered the Ecumenical Temple
  7080 | Temple   | Became a worshipper of Warmaster Okawaru
  7277 | D:7      | Noticed Joseph
  7290 | D:7      | Killed Joseph
  7290 | D:7      | Reached * piety under Okawaru
  7291 | D:7      | Found a stormy altar of Qazlal.
  7396 | D:7      | Reached skill level 9 in Short Blades
  7463 | D:7      | Found Wuzayfahu's Weapon Emporium.
  7702 | D:7      | Found Uwafill's Assorted Antiques.
  7748 | D:7      | Found Vomext's Book Emporium.
  7794 | D:7      | Reached XP level 10. HP: 61/63 MP: 10/10
  7803 | D:7      | Reached skill level 5 in Armour
  7943 | D:7      | Found a shattered altar of Ashenzari.
  8789 | D:9      | Noticed a two-headed ogre
  8811 | D:9      | Killed a two-headed ogre
  8811 | D:9      | Reached ** piety under Okawaru
  8811 | D:9      | Reached skill level 10 in Short Blades
  8993 | D:9      | Noticed a gargoyle
  9021 | D:9      | Killed a gargoyle
  9265 | D:9      | Noticed a death knight
  9282 | D:9      | Killed a death knight
  9282 | D:9      | Reached *** piety under Okawaru
  9282 | D:9      | Reached skill level 1 in Invocations
  9302 | D:9      | Received a gift from Okawaru
  9302 | D:9      | Reached XP level 11. HP: 30/69 MP: 10/12
  9309 | D:9      | Noticed a centaur warrior
  9846 | D:8      | Reached skill level 10 in Dodging
  9874 | D:8      | Found a shimmering altar of Xom.
  9876 | D:8      | Noticed a two-headed ogre
  9878 | D:8      | Found the +7 mace of Variability {chain chaos}
  9891 | D:8      | Killed a two-headed ogre
  9891 | D:8      | Reached **** piety under Okawaru
  9891 | D:8      | Reached skill level 11 in Short Blades
 10161 | D:8      | Noticed Harold
 10173 | D:8      | Killed Harold
 10621 | D:8      | Found a staircase to the Lair.
 11172 | D:8      | Reached ***** piety under Okawaru
 11311 | D:8      | Found a glowing golden altar of the Shining One.
 11643 | D:8      | Found a shadowy altar of Dithmenos.
 11956 | D:9      | Received a gift from Okawaru
 12062 | D:9      | Killed a centaur warrior
 12421 | D:9      | HP: 1/72 [something (10)]
 12430 | D:9      | Slain by an unseen horror

Levels and vault maps discovered:
D:1:      roderic_dead_forest, layout_basic
D:2:      layout_loops_ring, xom_teletrap_fun
D:3:      layout_basic, gammafunk_temple_overflow_elements,
          chequers_ecumenical_altar_simple_redux, kennysheep_donut,
          grunt_ministairs_6, uniq_terence
D:4:      layout_layer_cave, lemuel_doored_altar
D:5:      layout_cave_pods, lemuel_round_altar, basic_altar, first_ration,
          kennysheep_generic_room_15
D:6:      layout_cave_pools, old_standard_altar, makhleb_heckhound_becter,
          gammafunk_ghost_gnarly_gnolls, basic_altar, serial_bayou_lake_a
D:7:      layout_loops_ring, ashenzari_conservatory_becter,
          grunt_qazlal_sundering, minmay_temple_entry_trees, serial_shops,
          nicolae_shop_waterfront, shop, nicolae_shop_stone,
          kennysheep_mini_moat, uniq_joseph
D:8:      layout_basic, lemuel_crystal_altar, grunt_dithmenos_shadows,
          erik_lair_island, minmay_guarded_unrand_variability, uniq_harold
D:9:      minmay_the_grid_net [minmay_the_grid_tiny_cups, minmay_the_grid_empty,
          minmay_the_grid_aliased_spiral, minmay_the_grid_box_x,
          minmay_the_grid_minigrid_small,
          minmay_the_grid_prize_shrinking_boxes], layout_basic, kennysheep_mini
Temple:   chequers_temple_sunken

Skill      XL: |  1  2  3  4  5  6  7  8  9 10 11 |
---------------+----------------------------------+-----
Dodging        | 4 5 6 8 9 10 | 10.8
Armour         | 1 2 3 4 6 7 |  7.1
Stealth        | 1 2 3 4 5 |  5.0
Fighting       | 3 4 5 7 8 9 |  9.8
Short Blades   | 5 6 7 9 10 11 | 11.7
Invocations    | 1 3 |  3.4
Throwing       | |  2.1

Action                   |  1- 3 |  4- 6 |  7- 9 | 10-12 || total
-------------------------+-------+-------+-------+-------++-------
Melee: Rapier            |   126 |   168 |       |       ||   294
       Short sword       |       |     4 |   273 |   455 ||   732
       Punch             |       |       |       |     1 ||     1
Throw: Throwing net      |     1 |     5 |     3 |     3 ||    12
Invok: Heroism           |       |       |       |     1 ||     1
  Use: Scroll            |     3 |     2 |    16 |     5 ||    26
       Potion            |       |     1 |       |     4 ||     5
 Stab: Held in net/web   |     1 |     2 |     3 |     1 ||     7
       Sleeping          |     1 |       |     1 |     2 ||     4
       Distracted        |       |       |       |     1 ||     1
  Eat: Chunk             |    12 |     6 |    13 |    17 ||    48
Armor: Leather armour    |    12 |       |       |       ||    12
       Ring mail         |     8 |    26 |       |       ||    34
       Scale mail        |       |    29 |    60 |    34 ||   123
       Troll leather arm |       |       |       |     5 ||     5
Dodge: Dodged            |   108 |   120 |   111 |   229 ||   568
       Deflected         |       |       |     3 |     7 ||    10

Table legend:
 A = Non-vault XP
 B = Vault XP
 C = Vault XP percentage of total XP
 D = Non-vault monster count
 E = Vault monster count
 F = Vault count percentage of total count
                 A         B        C        D         E       F
            +---------+---------+-------+---------+---------+-------
      Total |    8085 |    6395 |  44.2 |     217 |      34 |  13.5
            +---------+---------+-------+---------+---------+-------
        D:1 |      23 |       0 |   0.0 |       9 |       0 |   0.0
        D:2 |      45 |       0 |   0.0 |      21 |       0 |   0.0
        D:3 |      62 |      52 |  45.6 |      26 |       3 |  10.3
        D:4 |     583 |       0 |   0.0 |      23 |       0 |   0.0
        D:5 |     740 |      14 |   1.9 |      24 |       2 |   7.7
        D:6 |    1039 |      45 |   4.2 |      20 |       1 |   4.8
        D:7 |    1336 |     498 |  27.2 |      33 |       1 |   2.9
        D:8 |    2678 |    2225 |  45.4 |      33 |      12 |  26.7
        D:9 |    1579 |    3561 |  69.3 |      28 |      15 |  34.9
            +---------+---------+-------+---------+---------+-------
